 Dungeon Crawl Stone Soup version 0.24-a0-459-g225fefd530 (webtiles) character file.

Game seed: 17269941799522862894

1540 Murumi the Skirmisher (level 8, -2/51 HPs)
             Began as a Gargoyle Fighter on June 29, 2019.
             Slain by a yak (5 damage)
             ... on level 6 of the Dungeon.
             The game lasted 00:21:36 (6077 turns).

Murumi the Skirmisher (Gargoyle Fighter)            Turns: 6077, Time: 00:21:36

Health: -2/51      AC: 18    Str: 22    XL:     8   Next: 86%
Magic:  9/9        EV:  8    Int:  9    God:
Gold:   85         SH:  9    Dex:  9    Spells: 7/7 levels left

rFire    . . .     SeeInvis .   a - +0 flail
rCold    . . .     Gourm    .   m - +2 buckler
rNeg     + . .     Faith    .   w - +0 chain mail
rPois    ∞         Spirit   .   (no helmet)
rElec    +         Reflect  +   o - +0 cloak
rCorr    .         Harm     .   (no gloves)
MR       .....                  F - +0 pair of boots
Stlth    ..........             i - +2 amulet of reflection
HPRegen  0.17/turn              (no ring)
MPRegen  0.11/turn              (no ring)

@: no status effects
A: negative energy resistance 1, electricity resistance, unbreathing,
petrification resistance, rot immunity, AC +5
a: no special abilities


You were on level 6 of the Dungeon.
You were near starving.

You visited 1 branch of the dungeon, and saw 6 of its levels.

You collected 238 gold pieces.
You spent 153 gold pieces at shops.

Inventory:

Hand Weapons
 a - a +0 flail (weapon)
 f - a +1 hunting sling
Missiles
 e - 275 stones (quivered)
 h - 86 sling bullets
Armour
 b - a +0 scale mail
 c - a +1 shield
 m - a +2 buckler (worn)
 o - a +0 cloak (worn)
 w - a +0 chain mail (worn)
 F - a +0 pair of boots (worn)
Jewellery
 i - a +2 amulet of reflection (around neck)
 C - an uncursed amulet of magic regeneration {unknown}
Wands
 j - a wand of flame (41)
 y - a wand of digging (4)
 D - a wand of acid (5)
 E - a wand of random effects (14)
Scrolls
 r - a scroll of teleportation
 t - 4 scrolls of remove curse
 x - a scroll of fear
 z - a scroll of enchant armour
Potions
 d - a potion of ambrosia {unknown}
 g - a potion of mutation
 k - 2 potions of curing
 l - a potion of flight
 n - a potion of degeneration {unknown}
 p - a potion of agility {unknown}
 q - a potion of resistance {unknown}
 s - 2 potions of brilliance {unknown}
 u - a potion of cancellation {unknown}
 A - 2 potions of heal wounds
 B - a potion of invisibility {unknown}
Comestibles
 v - 5 rations


   Skills:
 - Level 6.2 Fighting
 + Level 4.9 Maces & Flails
 - Level 4.0 Slings
 - Level 5.4 Armour
 - Level 1.0 Dodging
 - Level 6.1 Shields
 - Level 2.3 Evocations


You had 7 spell levels left.
You didn't know any spells.
Your spell library was empty.

Dungeon Overview and Level Annotations

Branches:
Dungeon (6/15)
 Temple: D:4-7

Altars:
Trog

Shops:
D:5 [


Innate Abilities, Weirdness & Mutations

You are resistant to torment.
Your stone body is resilient. (AC +5)
You are immune to poison.
You resist negative energy. (rN+)
You are resistant to electric shocks. (rElec)
You can survive without breathing.
You are immune to petrification.
You are immune to rotting.


Message History

You hit the yak.
The yak is severely wounded.
You are near starving!
You block the yak's attack.
You sock the yak!
The yak is almost dead.
The yak gores you!
* * * LOW HITPOINT WARNING * * *
You sock the yak!
You kill the yak!
You barely miss the yak. The yak gores you but does no damage.
You sock the yak!
The yak is moderately wounded.
You block the yak's attack.
The crimson imp blinks!
You hit the yak but do no damage.
The yak is moderately wounded.
The yak gores you!
* * * LOW HITPOINT WARNING * * *
The yak gores you.
You die...

#.#####..# #..#
#..# #..# #..# #..#
#### #..# #....
#########r## .Y.Y..
.......@YY§##Y..Y.#
.#########.#......#
#..Y...# ########


You could see 2 yaks and a quokka.

Vanquished Creatures
  2 yaks (D:6)
  A water moccasin (D:5)
  An orc warrior (D:4)
  A phantom (D:5)
  3 ogres
  A necrophage (D:5)
  A centaur (D:4)
  A scorpion (D:4)
  A crimson imp (D:5)
  A jelly (D:5)
  2 centaur skeletons
  An orc wizard (D:4)
  Crazy Yiuf (D:2)
  Ijyb (D:5)
  3 worker ants
  A hound skeleton (D:4)
  12 adders
  A shadow imp (D:5)
  An ooze (D:1)
  An adder skeleton (D:4)
  2 worms
  A dart slug (D:1)
  2 leopard geckos (D:4)
  4 orcs (D:4)
  10 ball pythons
  11 bats
  2 giant cockroaches
  9 goblins
  6 hobgoblins
  4 jackals (D:6)
  2 quokkas
  A ball python skeleton (D:4)
  6 frilled lizards
  A jackal skeleton (D:5)
  3 kobolds
  9 rats
  A bush (D:3)
111 creatures vanquished.

Vanquished Creatures (others)
  A goblin (D:3)
1 creature vanquished.

Grand Total: 112 creatures vanquished

Notes
Turn   | Place    | Note
-------+----------+-------------------------------------------
     0 | D:1      | Murumi the Gargoyle Fighter began the quest for the Orb.
     0 | D:1      | Reached XP level 1. HP: 14/14 MP: 1/1
    58 | D:1      | Reached skill level 1 in Dodging
   107 | D:1      | Reached XP level 2. HP: 18/19 MP: 2/2
   523 | D:1      | Reached XP level 3. HP: 23/23 MP: 3/3
  1113 | D:2      | Reached XP level 4. HP: 22/29 MP: 4/4
  1714 | D:2      | Found a runed translucent door.
  1715 | D:2      | Noticed Crazy Yiuf
  1723 | D:2      | Killed Crazy Yiuf
  2003 | D:2      | Reached XP level 5. HP: 33/33 MP: 5/5
  2007 | D:2      | Reached skill level 1 in Evocations
  2357 | D:3      | Found a bloodstained altar of Trog.
  3614 | D:4      | Reached XP level 6. HP: 38/38 MP: 6/6
  3842 | D:4      | Noticed an orc warrior
  3859 | D:4      | Killed an orc warrior
  3903 | D:4      | Reached skill level 5 in Fighting
  4110 | D:4      | Reached skill level 5 in Armour
  4110 | D:4      | Reached XP level 7. HP: 16/44 MP: 7/7
  4546 | D:4      | Reached skill level 5 in Shields
  4747 | D:5      | Entered Level 5 of the Dungeon
  4936 | D:5      | Reached skill level 1 in Slings
  4945 | D:5      | Reached XP level 8. HP: 19/49 MP: 8/8
  5360 | D:5      | Noticed Ijyb
  5367 | D:5      | Killed Ijyb
  5591 | D:5      | Found Evusmesh's Antique Armour Boutique.
  5678 | D:5      | Bought a pair of boots for 153 gold pieces
  6035 | D:6      | Noticed a yak
  6035 | D:6      | Noticed a yak
  6035 | D:6      | Noticed a yak
  6035 | D:6      | Noticed a yak
  6066 | D:6      | Killed a yak
  6074 | D:6      | Killed a yak
  6077 | D:6      | Slain by a yak

Levels and vault maps discovered:
D:1:      mushboom_english_gardens, layout_loops_corners
D:2:      minmay_chambers_of_ones, layout_basic, chequers_serial_rivers_micro_b,
          minmay_snake_closets, uniq_crazy_yiuf_cottage
D:3:      layout_basic, serial_forest, infiniplex_forest_side_room,
          infiniplex_forest_corner_1, infiniplex_forest_corner_1,
          infiniplex_forest_lined_corner, infiniplex_forest_clump_long,
          infiniplex_forest_lined_2, infiniplex_forest_end_3,
          infiniplex_forest_lined_3_way, trog_three_pillars_becter
D:4:      minmay_recursive_quarters, layout_loops_ring
D:5:      layout_basic, first_ration, serial_shops,
          nicolae_shop_overgrown_old_shop, minmay_misc_feat_tiny, uniq_ijyb
D:6:      minmay_opposing_rooms, layout_loops_ring,
          minmay_temple_entry_proselytizer, portal_sewer_entry_b

Skill      XL: |  1  2  3  4  5  6  7  8 |
---------------+-------------------------+-----
Dodging        | 1 |  1.0
Maces & Flails | 3 4 |  4.9
Fighting       | 4 5 6 |  6.2
Armour         | 4 5 |  5.4
Evocations     | 1 2 |  2.3
Shields        | 4 6 |  6.1
Slings         | 2 4 |  4.0

Action                   |  1- 3 |  4- 6 |  7- 9 || total
-------------------------+-------+-------+-------++-------
Melee: Flail             |   145 |   210 |   177 ||   532
 Fire: Hunting sling     |       |    21 |    64 ||    85
Throw: Stone             |    69 |    59 |       ||   128
  Use: Scroll            |     4 |     8 |     1 ||    13
       Potion            |       |     3 |       ||     3
  Eat: Chunk             |     1 |     6 |     2 ||     9
       Ration            |       |     1 |     1 ||     2
Armor: Scale mail        |    77 |    57 |       ||   134
       Chain mail        |       |    11 |    88 ||    99
Dodge: Dodged            |    49 |    67 |    50 ||   166
Block: Shield            |    86 |     7 |       ||    93
       Buckler           |       |    57 |    94 ||   151
       Reflection        |       |     1 |       ||     1

Table legend:
 A = Non-vault XP
 B = Vault XP
 C = Vault XP percentage of total XP
 D = Non-vault monster count
 E = Vault monster count
 F = Vault count percentage of total count
                 A         B        C        D         E       F
            +---------+---------+-------+---------+---------+-------
      Total |    1715 |     486 |  22.1 |      86 |      25 |  22.5
            +---------+---------+-------+---------+---------+-------
        D:1 |      51 |       0 |   0.0 |      28 |       0 |   0.0
        D:2 |      21 |     157 |  88.2 |      11 |      17 |  60.7
        D:3 |      27 |       0 |   0.0 |      10 |       0 |   0.0
        D:4 |     334 |     293 |  46.7 |      15 |       7 |  31.8
        D:5 |     875 |      36 |   4.0 |      16 |       1 |   5.9
        D:6 |     407 |       0 |   0.0 |       6 |       0 |   0.0
            +---------+---------+-------+---------+---------+-------
